TOP OF THE 1ST |
---|
Orlando Calrissian batting - Pitching for San Francisco Bandits : LHP Esteban Peña | Pitching: LHP Esteban Peña | | Batting: RHB Jesús Gonzáles | 0-0: Ball 1-0: Ball 2-0: Called Strike 2-1: Foul Ball, location: 2F 2-2: Ball 3-2: Foul Ball, location: 2F 3-2: Foul Ball, location: 2F 3-2: Strikes out swinging | Batting: RHB Gabriel Ángel | 0-0: Foul Ball, location: 2F 0-1: Ball 1-1: Foul Ball, location: 2F 1-2: Ball 2-2: Ground out 4-3 (Groundball, 4D) | Batting: RHB Rich Anderson | 0-0: Ball 1-0: Fly out, F9 (Flyball, 9D) | Top of the 1st over - 0 runs, 0 hits, 0 errors, 0 left on base; Orlando 0 - San Francisco 0 | BOTTOM OF THE 1ST |
---|
San Francisco Bandits batting - Pitching for Orlando Calrissian : LHP Mike Murray | Pitching: LHP Mike Murray | | Batting: RHB Glenn Melican | 0-0: Foul Ball, location: 2F 0-1: Ball 1-1: Ball 2-1: Reached on error, E5 (Groundball, 5) | Batting: RHB Scott Merritt | 0-0: Grounds into double play, 5-4-3 (Groundball, 5L) | Batting: RHB Owen Carter | 0-0: Ball 1-0: Foul Ball, location: 2F 1-1: Fly out, F9 (Flyball, 9LS) | Bottom of the 1st over - 0 runs, 0 hits, 1 error, 0 left on base; Orlando 0 - San Francisco 0 | TOP OF THE 2ND |
---|
Orlando Calrissian batting - Pitching for San Francisco Bandits : LHP Esteban Peña | Batting: RHB Raúl Canó | 0-0: Fly out, F9 (Flyball, 89S) | Batting: SHB Tim Abbott | 0-0: Ball 1-0: Foul Ball, location: 2F 1-1: Ball 2-1: Ball 3-1: Called Strike 3-2: Base on Balls | Batting: RHB Júlio Negrón | 0-0: Called Strike 0-1: Foul Ball, location: 2F 0-2: Foul Ball, location: 2F 0-2: Fly out, F3 (Popup, 3SF) | Batting: LHB Danny Allen | 0-0: Called Strike 0-1: Ball 1-1: Swinging Strike 1-2: Ball 2-2: Ball 3-2: Foul Ball, location: 2F 3-2: Foul Ball, location: 2F 3-2: SINGLE (Groundball, 56D) Tim Abbott to second Tim Abbott to third | Batting: RHB Keith Sims | 0-0: Ball 1-0: SINGLE (Line Drive, 8LS) Tim Abbott scores Danny Allen to second | Batting: LHB Craig Kenney | 0-0: Ball 1-0: Foul Ball, location: 2F 1-1: Swinging Strike 1-2: SINGLE (Line Drive, 56) Danny Allen to third Keith Sims to second Throwing error, E7 Danny Allen scores Keith Sims to third Craig Kenney to second | Batting: RHB Jesús Gonzáles | 0-0: Called Strike 0-1: Called Strike 0-2: Strikes out swinging | Top of the 2nd over - 2 runs, 3 hits, 1 error, 2 left on base; Orlando 2 - San Francisco 0 | BOTTOM OF THE 2ND |
---|
San Francisco Bandits batting - Pitching for Orlando Calrissian : LHP Mike Murray | Batting: RHB Michael Elliott | 0-0: Called Strike 0-1: Foul Ball, location: 2F 0-2: Ball 1-2: Foul Ball, location: 2F 1-2: Strikes out swinging | Batting: RHB Naomichi Aoki | 0-0: Swinging Strike 0-1: Foul Ball, location: 2F 0-2: Strikes out swinging | Batting: RHB Javier Ramírez | 0-0: Foul Ball, location: 2F 0-1: Ball 1-1: Called Strike 1-2: Ball 2-2: Strikes out swinging | Bottom of the 2nd over - 0 runs, 0 hits, 0 errors, 0 left on base; Orlando 2 - San Francisco 0 | TOP OF THE 3RD |
---|
Orlando Calrissian batting - Pitching for San Francisco Bandits : LHP Esteban Peña | Batting: RHB Gabriel Ángel | 0-0: Ball 1-0: Foul Ball, location: 2F 1-1: Foul Ball, location: 2F 1-2: Ball 2-2: Strikes out swinging | Batting: RHB Rich Anderson | 0-0: Foul Ball, location: 2F 0-1: Ball 1-1: Ball 2-1: Ground out U3 (Groundball, 3) | Batting: RHB Raúl Canó | 0-0: Ball 1-0: Called Strike 1-1: Called Strike 1-2: Ball 2-2: Fly out, F7 (Flyball, 7D) | Top of the 3rd over - 0 runs, 0 hits, 0 errors, 0 left on base; Orlando 2 - San Francisco 0 | BOTTOM OF THE 3RD |
---|
San Francisco Bandits batting - Pitching for Orlando Calrissian : LHP Mike Murray | Batting: LHB Anacleto Morillo | 0-0: Called Strike 0-1: Ball 1-1: Called Strike 1-2: Ball 2-2: Foul Ball, location: 2F 2-2: Ball 3-2: Strikes out swinging | Batting: LHB Alan McGilroy | 0-0: Called Strike 0-1: Foul Ball, location: 2F 0-2: Foul Ball, location: 2F 0-2: Strikes out swinging | Batting: RHB David Crespo | 0-0: Foul Ball, location: 2F 0-1: Foul Ball, location: 2F 0-2: Ball 1-2: Ball 2-2: Strikes out swinging | Bottom of the 3rd over - 0 runs, 0 hits, 0 errors, 0 left on base; Orlando 2 - San Francisco 0 | TOP OF THE 4TH |
---|
Orlando Calrissian batting - Pitching for San Francisco Bandits : LHP Esteban Peña | Batting: SHB Tim Abbott | 0-0: Called Strike 0-1: Ball 1-1: Ball 2-1: Called Strike 2-2: Fly out, F8 (Flyball, 78XD) | Batting: RHB Júlio Negrón | 0-0: Foul Ball, location: 2F 0-1: Foul Ball, location: 2F 0-2: Foul Ball, location: 2F 0-2: Fly out, F8 (Flyball, 8RD) | Batting: LHB Danny Allen | 0-0: Foul Ball, location: 2F 0-1: Called Strike 0-2: Ground out 4-3 (Groundball, 34) | Top of the 4th over - 0 runs, 0 hits, 0 errors, 0 left on base; Orlando 2 - San Francisco 0 | BOTTOM OF THE 4TH |
---|
San Francisco Bandits batting - Pitching for Orlando Calrissian : LHP Mike Murray | Batting: RHB Glenn Melican | 0-0: Called Strike 0-1: Fly out, F9 (Flyball, 89D) | Batting: RHB Scott Merritt | 0-0: Called Strike 0-1: Ground out 4-3 (Groundball, 4M) | Batting: RHB Owen Carter | 0-0: Ball 1-0: Swinging Strike 1-1: Fly out, F8 (Flyball, 8RD) | Bottom of the 4th over - 0 runs, 0 hits, 0 errors, 0 left on base; Orlando 2 - San Francisco 0 | TOP OF THE 5TH |
---|
Orlando Calrissian batting - Pitching for San Francisco Bandits : LHP Esteban Peña | Batting: RHB Keith Sims | 0-0: Ground out 6-3 (Groundball, 6) | Batting: LHB Craig Kenney | 0-0: Ball 1-0: Ground out 5-3 (Groundball, 56) | Batting: RHB Jesús Gonzáles | 0-0: Ground out U3 (Groundball, 34) | Top of the 5th over - 0 runs, 0 hits, 0 errors, 0 left on base; Orlando 2 - San Francisco 0 | BOTTOM OF THE 5TH |
---|
San Francisco Bandits batting - Pitching for Orlando Calrissian : LHP Mike Murray | Batting: RHB Michael Elliott | 0-0: Called Strike 0-1: Fly out, F4 (Popup, 4S) | Batting: RHB Naomichi Aoki | 0-0: Called Strike 0-1: Called Strike 0-2: Strikes out looking | Batting: RHB Javier Ramírez | 0-0: Ball 1-0: Swinging Strike 1-1: Called Strike 1-2: Strikes out swinging | Bottom of the 5th over - 0 runs, 0 hits, 0 errors, 0 left on base; Orlando 2 - San Francisco 0 | TOP OF THE 6TH |
---|
Orlando Calrissian batting - Pitching for San Francisco Bandits : LHP Esteban Peña | Batting: RHB Gabriel Ángel | 0-0: Ball 1-0: Ball 2-0: Called Strike 2-1: Ball 3-1: Base on Balls | Batting: RHB Rich Anderson | 0-0: Called Strike 0-1: Foul Ball, location: 2F 0-2: Ball 1-2: Foul Ball, location: 2F 1-2: Ball 2-2: Single, Error in OF, E7, batter to second base Gabriel Ángel to third | Batting: RHB Raúl Canó | 0-0: Intentional Walk | Batting: SHB Tim Abbott | 0-0: Foul Ball, location: 2F 0-1: Ball 1-1: Swinging Strike 1-2: Strikes out looking | Pitching: RHP Carlos Ledezma | | Batting: RHB Júlio Negrón | 0-0: Ball 1-0: Fly out, F8 (Flyball, 8LS) Runner from 3rd tags up, SCORES, no throw | Batting: LHB Danny Allen | 0-0: Foul Ball, location: 2F 0-1: Ball 1-1: Ball 2-1: Reached on error, E5 (Groundball, 56) Rich Anderson scores Raúl Canó to third | Batting: RHB Keith Sims | 0-0: Foul Ball, location: 2F 0-1: Foul Ball, location: 2F 0-2: Strikes out swinging | Top of the 6th over - 2 runs, 1 hit, 2 errors, 2 left on base; Orlando 4 - San Francisco 0 | BOTTOM OF THE 6TH |
---|
San Francisco Bandits batting - Pitching for Orlando Calrissian : LHP Mike Murray | Batting: LHB Anacleto Morillo | 0-0: Ball 1-0: Called Strike 1-1: Swinging Strike 1-2: Fly out, F3 (Line Drive, 4) | Batting: LHB Alan McGilroy | 0-0: Ball 1-0: Called Strike 1-1: Ball 2-1: Foul Ball, location: 2F 2-2: Ball 3-2: Strikes out swinging | Batting: RHB David Crespo | 0-0: Ball 1-0: Ball 2-0: Foul Ball, location: 2F 2-1: Foul Ball, location: 2F 2-2: Strikes out looking | Bottom of the 6th over - 0 runs, 0 hits, 0 errors, 0 left on base; Orlando 4 - San Francisco 0 | TOP OF THE 7TH |
---|
Orlando Calrissian batting - Pitching for San Francisco Bandits : RHP Carlos Ledezma | Batting: LHB Craig Kenney | 0-0: Swinging Strike 0-1: Swinging Strike 0-2: Ball 1-2: Strikes out swinging | Batting: RHB Jesús Gonzáles | 0-0: Called Strike 0-1: Called Strike 0-2: Ball 1-2: Strikes out swinging | Batting: RHB Gabriel Ángel | 0-0: Foul Ball, location: 2F 0-1: Ball 1-1: Ball 2-1: Called Strike 2-2: Ball 3-2: Strikes out looking | Top of the 7th over - 0 runs, 0 hits, 0 errors, 0 left on base; Orlando 4 - San Francisco 0 | BOTTOM OF THE 7TH |
---|
San Francisco Bandits batting - Pitching for Orlando Calrissian : LHP Mike Murray | Batting: RHB Glenn Melican | 0-0: Called Strike 0-1: Ball 1-1: Ball 2-1: Swinging Strike 2-2: Strikes out swinging | Batting: RHB Scott Merritt | 0-0: Ground out U3 (Groundball, 3) | Batting: RHB Owen Carter | 0-0: Ball 1-0: Called Strike 1-1: DOUBLE (Line Drive, 9LS) | Batting: RHB Michael Elliott | 0-0: Ball 1-0: SINGLE (Line Drive, 56D) Owen Carter to third Runner from 3rd tries for Home, throw and OUT! | Bottom of the 7th over - 0 runs, 2 hits, 0 errors, 1 left on base; Orlando 4 - San Francisco 0 | TOP OF THE 8TH |
---|
Orlando Calrissian batting - Pitching for San Francisco Bandits : RHP Carlos Ledezma | Batting: RHB Rich Anderson | 0-0: Ball 1-0: Foul Ball, location: 2F 1-1: Called Strike 1-2: Ball 2-2: Fly out, F7 (Flyball, 7LM) | Batting: RHB Raúl Canó | 0-0: Fly out, F9 (Flyball, 9S) | Batting: SHB Tim Abbott | 0-0: Foul Ball, location: 2F 0-1: Ball 1-1: SINGLE (Line Drive, 8LS) | Batting: RHB Júlio Negrón | 0-0: Foul Ball, location: 2F 0-1: Ground out 6-3 (Groundball, 6MS) | Top of the 8th over - 0 runs, 1 hit, 0 errors, 1 left on base; Orlando 4 - San Francisco 0 | BOTTOM OF THE 8TH |
---|
San Francisco Bandits batting - Pitching for Orlando Calrissian : LHP Mike Murray | Batting: RHB Naomichi Aoki | 0-0: Called Strike 0-1: Ball 1-1: Ball 2-1: Ball 3-1: Foul Ball, location: 2F 3-2: DOUBLE (Flyball, 8RXD) | Batting: RHB Javier Ramírez | 0-0: Hit by Pitch | Batting: LHB Anacleto Morillo | 0-0: Grounds into double play, 6-4-3 (Groundball, 6M) Naomichi Aoki to third | Batting: LHB Alan McGilroy | 0-0: Called Strike 0-1: Foul Ball, location: 2F 0-2: Ball 1-2: Foul Ball, location: 2F 1-2: Foul Ball, location: 2F 1-2: Ball 2-2: Foul Ball, location: 2F 2-2: Strikes out swinging | Bottom of the 8th over - 0 runs, 1 hit, 0 errors, 1 left on base; Orlando 4 - San Francisco 0 | TOP OF THE 9TH |
---|
Orlando Calrissian batting - Pitching for San Francisco Bandits : RHP Carlos Ledezma | Batting: LHB Danny Allen | 0-0: Foul Ball, location: 2F 0-1: Ball 1-1: Foul Ball, location: 2F 1-2: Ball 2-2: Ball 3-2: Foul Ball, location: 2F 3-2: Foul Ball, location: 2F 3-2: Fly out, F7 (Line Drive, 7LM) | Batting: RHB Keith Sims | 0-0: Ground out 5-3 (Groundball, 5L) | Batting: LHB Craig Kenney | 0-0: Called Strike 0-1: Swinging Strike 0-2: Foul Ball, location: 2F 0-2: Ground out 6-3 (Groundball, 6M) | Top of the 9th over - 0 runs, 0 hits, 0 errors, 0 left on base; Orlando 4 - San Francisco 0 | BOTTOM OF THE 9TH |
---|
San Francisco Bandits batting - Pitching for Orlando Calrissian : LHP Mike Murray | Batting: RHB David Crespo | 0-0: Foul Ball, location: 2F 0-1: Foul Ball, location: 2F 0-2: Foul Ball, location: 2F 0-2: Ball 1-2: Ball 2-2: Strikes out swinging | Batting: RHB Glenn Melican | 0-0: Called Strike 0-1: Called Strike 0-2: Ball 1-2: Ball 2-2: Ground out 5-3 (Groundball, 56) | Batting: RHB Scott Merritt | 0-0: Called Strike 0-1: Ball 1-1: Foul Ball, location: 2F 1-2: Ground out 6-3 (Groundball, 56) | Bottom of the 9th over - 0 runs, 0 hits, 0 errors, 0 left on base; Orlando 4 - San Francisco 0 | |